TOP OF THE 1ST |
Texas Rangers batting - Pitching for Toronto Blue Jays : RHP Marcus Stroman
|
Pitching: RHP Marcus Stroman
|
|
Batting: LHB Ender Inciarte
|
0-0: Ball 1-0: SINGLE (Groundball, 56D)
|
Batting: SHB Cesar Hernandez
|
0-0: Ball 1-0: Fly out, F5 (Popup, 5SF)
|
Batting: LHB Bryce Harper
|
0-0: Called Strike 0-1: Ball 1-1: Foul Ball, location: 2F 1-2: Ball 2-2: Ball 3-2: Base on Balls Ender Inciarte to second
|
Batting: SHB Jeimer Candelario
|
0-0: Ball 1-0: Ball 2-0: Called Strike 2-1: Swinging Strike 2-2: Strikes out looking
|
Batting: LHB Joc Pederson
|
Pickoff Throw to Second - Error! E1 Ender Inciarte to third Bryce Harper to second 0-0: Ball 1-0: Swinging Strike 1-1: Swinging Strike 1-2: Strikes out swinging
|
Top of the 1st over - 0 runs, 1 hit, 1 error, 2 left on base; Texas 0 - Toronto 0 |
BOTTOM OF THE 1ST |
Toronto Blue Jays batting - Pitching for Texas Rangers : RHP Kendall Graveman
|
Pitching: RHP Kendall Graveman
|
|
Batting: LHB Dee Gordon
|
0-0: Ball 1-0: Ground out 5-3 (Groundball, 56S)
|
Batting: RHB Elvis Andrus
|
0-0: Called Strike 0-1: Ball 1-1: Swinging Strike 1-2: Strikes out swinging
|
Batting: RHB Andrew McCutchen
|
0-0: Ball 1-0: Called Strike 1-1: Foul Ball, location: 2F 1-2: Fly out, F8 (Line Drive, 8RM)
|
Bottom of the 1st over - 0 runs, 0 hits, 0 errors, 0 left on base; Texas 0 - Toronto 0 |
TOP OF THE 2ND |
Texas Rangers batting - Pitching for Toronto Blue Jays : RHP Marcus Stroman
|
Batting: RHB Andrelton Simmons
|
0-0: Ball 1-0: Ball 2-0: Called Strike 2-1: DOUBLE (Line Drive, 89M)
|
Batting: SHB Asdrubal Cabrera
|
0-0: Foul Ball, location: 2F 0-1: Ball 1-1: SINGLE (Groundball, 34D) Andrelton Simmons to third Runner from 3rd tries for Home, SAFE, throw made home
|
Batting: LHB Eric Thames
|
0-0: Called Strike 0-1: Called Strike 0-2: Ball 1-2: Fly out, F9 (Line Drive, 9D)
|
Batting: LHB Miguel Montero
|
0-0: Swinging Strike 0-1: Ball 1-1: SINGLE (Line Drive, 78S) Asdrubal Cabrera to second
|
Batting: LHB Ender Inciarte
|
0-0: Swinging Strike 0-1: Ball 1-1: Called Strike 1-2: Foul Ball, location: 2F 1-2: Ball 2-2: Strikes out swinging
|
Batting: SHB Cesar Hernandez
|
0-0: Called Strike 0-1: Swinging Strike 0-2: Strikes out swinging
|
Top of the 2nd over - 1 run, 3 hits, 0 errors, 2 left on base; Texas 1 - Toronto 0 |
BOTTOM OF THE 2ND |
Toronto Blue Jays batting - Pitching for Texas Rangers : RHP Kendall Graveman
|
Batting: SHB Josh Bell
|
0-0: Foul Ball, location: 2F 0-1: Ball 1-1: Ball 2-1: Ball 3-1: Called Strike 3-2: Strikes out swinging
|
Batting: LHB Carlos Gonzalez
|
0-0: Ball 1-0: SINGLE (Line Drive, 89S)
|
Batting: RHB Nicholas Castellanos
|
0-0: Ball 1-0: Foul Ball, location: 2F 1-1: Ball 2-1: Ball 3-1: Grounds into double play, 6-4-3 (Groundball, 6)
|
Bottom of the 2nd over - 0 runs, 1 hit, 0 errors, 0 left on base; Texas 1 - Toronto 0 |
TOP OF THE 3RD |
Texas Rangers batting - Pitching for Toronto Blue Jays : RHP Marcus Stroman
|
Batting: LHB Bryce Harper
|
0-0: Ball 1-0: Ball 2-0: Foul Ball, location: 2F 2-1: Ball 3-1: Base on Balls
|
Batting: SHB Jeimer Candelario
|
0-0: Called Strike 0-1: Ball 1-1: Fly out, F8 (Flyball, 8LD)
|
Batting: LHB Joc Pederson
|
0-0: Called Strike 0-1: Foul Ball, location: 2F 0-2: Foul Ball, location: 2F 0-2: Fielders Choice at 2nd, 3-6 (Groundball, 3)
|
Batting: RHB Andrelton Simmons
|
0-0: Called Strike 0-1: Called Strike 0-2: Fielders Choice at 2nd, 5-4 (Groundball, 56)
|
Top of the 3rd over - 0 runs, 0 hits, 0 errors, 1 left on base; Texas 1 - Toronto 0 |
BOTTOM OF THE 3RD |
Toronto Blue Jays batting - Pitching for Texas Rangers : RHP Kendall Graveman
|
Batting: RHB Jorge Soler
|
0-0: Ball 1-0: Called Strike 1-1: Swinging Strike 1-2: Fly out, F9 (Line Drive, 9D)
|
Batting: RHB Keon Broxton
|
0-0: Ball 1-0: Swinging Strike 1-1: Foul Ball, location: 2F 1-2: Ball 2-2: Ball 3-2: Strikes out swinging
|
Batting: RHB Austin Hedges
|
0-0: Fly out, F9 (Flyball, 9D)
|
Bottom of the 3rd over - 0 runs, 0 hits, 0 errors, 0 left on base; Texas 1 - Toronto 0 |
TOP OF THE 4TH |
Texas Rangers batting - Pitching for Toronto Blue Jays : RHP Marcus Stroman
|
Batting: SHB Asdrubal Cabrera
|
0-0: Ball 1-0: Foul Ball, location: 2F 1-1: SINGLE (Flyball, 78S)
|
Batting: LHB Eric Thames
|
0-0: Ball 1-0: Swinging Strike 1-1: Ball 2-1: Swinging Strike 2-2: Foul Ball, location: 2F 2-2: Strikes out looking Asdrubal Cabrera is caught stealing 2nd base Batter strikes out.
|
Batting: LHB Miguel Montero
|
0-0: Fly out, F9 (Flyball, 89M)
|
Top of the 4th over - 0 runs, 1 hit, 0 errors, 0 left on base; Texas 1 - Toronto 0 |
BOTTOM OF THE 4TH |
Toronto Blue Jays batting - Pitching for Texas Rangers : RHP Kendall Graveman
|
Batting: LHB Dee Gordon
|
0-0: Fly out, F8 (Flyball, 89D)
|
Batting: RHB Elvis Andrus
|
0-0: Bunt for hit - play at first, batter OUT! 1-3
|
Batting: RHB Andrew McCutchen
|
0-0: Foul Ball, location: 2F 0-1: Ball 1-1: Foul Ball, location: 2F 1-2: Ball 2-2: Foul Ball, location: 2F 2-2: Fly out, F9 (Flyball, 89S)
|
Bottom of the 4th over - 0 runs, 0 hits, 0 errors, 0 left on base; Texas 1 - Toronto 0 |
TOP OF THE 5TH |
Texas Rangers batting - Pitching for Toronto Blue Jays : RHP Marcus Stroman
|
Batting: LHB Ender Inciarte
|
0-0: Called Strike 0-1: Ball 1-1: Ball 2-1: SINGLE (Groundball, 34D)
|
Batting: SHB Cesar Hernandez
|
0-0: Ball 1-0: Swinging Strike 1-1: Ball 2-1: Fly out, F7 (Flyball, 78D)
|
Batting: LHB Bryce Harper
|
0-0: Foul Ball, location: 2F 0-1: Ball 1-1: Ball 2-1: Fly out, F8 (Flyball, 8LS)
|
Batting: SHB Jeimer Candelario
|
0-0: Ball 1-0: Ground out 4-3 (Groundball, 4)
|
Top of the 5th over - 0 runs, 1 hit, 0 errors, 1 left on base; Texas 1 - Toronto 0 |
BOTTOM OF THE 5TH |
Toronto Blue Jays batting - Pitching for Texas Rangers : RHP Kendall Graveman
|
Batting: SHB Josh Bell
|
0-0: Ball 1-0: Foul Ball, location: 2F 1-1: Ground out 4-3 (Groundball, 34D)
|
Batting: LHB Carlos Gonzalez
|
0-0: Foul Ball, location: 2F 0-1: Foul Ball, location: 2F 0-2: Ball 1-2: Ball 2-2: Foul Ball, location: 2F 2-2: Ball 3-2: Base on Balls
|
Batting: RHB Nicholas Castellanos
|
0-0: Foul Ball, location: 2F 0-1: Foul Ball, location: 2F 0-2: Foul Ball, location: 2F 0-2: Strikes out looking
|
Batting: RHB Jorge Soler
|
0-0: Fly out, F8 (Flyball, 8LM)
|
Bottom of the 5th over - 0 runs, 0 hits, 0 errors, 1 left on base; Texas 1 - Toronto 0 |
TOP OF THE 6TH |
Texas Rangers batting - Pitching for Toronto Blue Jays : RHP Marcus Stroman
|
Batting: LHB Joc Pederson
|
0-0: Ball 1-0: Ball 2-0: Foul Ball, location: 2F 2-1: SINGLE (Groundball, 3D)
|
Batting: RHB Andrelton Simmons
|
0-0: Fly out, F7 (Flyball, 7LDF)
|
Batting: SHB Asdrubal Cabrera
|
0-0: Fielders Choice at 2nd, 1-4 (Groundball, 15)
|
Batting: LHB Eric Thames
|
0-0: Ball 1-0: Swinging Strike 1-1: Ball 2-1: Ball 3-1: Base on Balls Asdrubal Cabrera to second
|
Batting: LHB Miguel Montero
|
0-0: Called Strike 0-1: Foul Ball, location: 2F 0-2: Fly out, F8 (Line Drive, 8RM)
|
Top of the 6th over - 0 runs, 1 hit, 0 errors, 2 left on base; Texas 1 - Toronto 0 |
BOTTOM OF THE 6TH |
Toronto Blue Jays batting - Pitching for Texas Rangers : RHP Kendall Graveman
|
Batting: RHB Keon Broxton
|
0-0: Foul Ball, location: 2F 0-1: DOUBLE (Line Drive, 78D)
|
Batting: RHB Austin Hedges
|
0-0: Ball Wild Pitch! Keon Broxton to third 1-0: Called Strike 1-1: Ball 2-1: Fly out, F2 (Popup, 23F)
|
Batting: LHB Dee Gordon
|
0-0: Ball 1-0: Ball 2-0: Called Strike 2-1: Ball 3-1: Foul Ball, location: 2F 3-2: SINGLE (Groundball, 4M) (infield hit) Keon Broxton scores
|
Batting: RHB Elvis Andrus
|
0-0: Ball Dee Gordon steals 2nd base 1-0: Called Strike 1-1: Ball 2-1: Fly out, F4 (Popup, 23)
|
Batting: RHB Andrew McCutchen
|
0-0: Foul Ball, location: 2F 0-1: Ball 1-1: SINGLE (Groundball, 4MD) Dee Gordon to third Runner from 3rd tries for Home, SAFE, no throw
|
Batting: SHB Josh Bell
|
0-0: Ball 1-0: Foul Ball, location: 2F 1-1: Foul Ball, location: 2F 1-2: Fly out, F7 (Flyball, 7LS)
|
Bottom of the 6th over - 2 runs, 3 hits, 0 errors, 1 left on base; Texas 1 - Toronto 2 |
TOP OF THE 7TH |
Texas Rangers batting - Pitching for Toronto Blue Jays : RHP Marcus Stroman
|
Pitching: LHP Jake Diekman
|
|
Batting: LHB Ender Inciarte
|
0-0: Swinging Strike 0-1: Ball 1-1: Swinging Strike 1-2: Ball 2-2: Ground out 4-3 (Groundball, 34D)
|
Batting: SHB Cesar Hernandez
|
0-0: Ball 1-0: Ball 2-0: Fly out, F8 (Line Drive, 8RD)
|
Batting: LHB Bryce Harper
|
0-0: Ball 1-0: Ball 2-0: Ground out 5-3 (Groundball, 56)
|
Top of the 7th over - 0 runs, 0 hits, 0 errors, 0 left on base; Texas 1 - Toronto 2 |
BOTTOM OF THE 7TH |
Toronto Blue Jays batting - Pitching for Texas Rangers : RHP Kendall Graveman
|
Batting: LHB Carlos Gonzalez
|
0-0: Ball 1-0: SINGLE (Line Drive, 4D)
|
Batting: RHB Nicholas Castellanos
|
0-0: Ball 1-0: Called Strike 1-1: Foul Ball, location: 2F 1-2: Foul Ball, location: 2F 1-2: Strikes out swinging
|
Batting: RHB Jorge Soler
|
0-0: Ball 1-0: Ball 2-0: Called Strike 2-1: SINGLE (Groundball, 56D) Carlos Gonzalez to second
|
Batting: RHB Keon Broxton
|
0-0: Foul Ball, location: 2F 0-1: Fly out, F9 (Flyball, 9LS)
|
Batting: RHB Austin Hedges
|
0-0: Fielders Choice at 2nd, 6-4 (Groundball, 56)
|
Bottom of the 7th over - 0 runs, 2 hits, 0 errors, 2 left on base; Texas 1 - Toronto 2 |
TOP OF THE 8TH |
Texas Rangers batting - Pitching for Toronto Blue Jays : LHP Jake Diekman
|
Now in CF: Billy Hamilton
|
|
Batting: SHB Jeimer Candelario
|
0-0: Ball 1-0: Ball 2-0: Swinging Strike 2-1: SINGLE (Groundball, 4MD)
|
Pinch Hitting: RHB Jefry Marte
|
0-0: Called Strike 0-1: Fly out, F9 (Flyball, 9LM)
|
Batting: RHB Andrelton Simmons
|
0-0: Ground out 5-3 (Groundball, 56) Jeimer Candelario to second
|
Batting: SHB Asdrubal Cabrera
|
0-0: Ball 1-0: Called Strike 1-1: Ball 2-1: Ball 3-1: Foul Ball, location: 2F 3-2: Strikes out swinging
|
Top of the 8th over - 0 runs, 1 hit, 0 errors, 1 left on base; Texas 1 - Toronto 2 |
BOTTOM OF THE 8TH |
Toronto Blue Jays batting - Pitching for Texas Rangers : RHP Kendall Graveman
|
Pitching: RHP Trevor Hildenberger
|
|
Now at 1B: Jefry Marte
|
|
Batting: LHB Dee Gordon
|
0-0: SINGLE (Line Drive, 8LS)
|
Batting: RHB Elvis Andrus
|
0-0: Called Strike 0-1: Ball 1-1: Grounds into double play, 6-4-3 (Groundball, 56)
|
Batting: RHB Andrew McCutchen
|
0-0: Ball 1-0: Called Strike 1-1: Foul Ball, location: 2F 1-2: Ground out 6-3 (Groundball, 6S)
|
Bottom of the 8th over - 0 runs, 1 hit, 0 errors, 0 left on base; Texas 1 - Toronto 2 |
TOP OF THE 9TH |
Texas Rangers batting - Pitching for Toronto Blue Jays : LHP Jake Diekman
|
Pitching: RHP Trevor Rosenthal
|
|
Batting: LHB Eric Thames
|
0-0: Called Strike 0-1: Foul Ball, location: 2F 0-2: Foul Ball, location: 2F 0-2: Ball 1-2: Ball 2-2: Ball 3-2: Strikes out swinging
|
Batting: LHB Miguel Montero
|
0-0: Called Strike 0-1: Foul Ball, location: 2F 0-2: Ball 1-2: Ball 2-2: Strikes out swinging
|
Batting: LHB Ender Inciarte
|
0-0: Ball 1-0: Ball 2-0: Called Strike 2-1: Ball 3-1: Foul Ball, location: 2F 3-2: Base on Balls
|
Batting: SHB Cesar Hernandez
|
0-0: Ball 1-0: Ball 2-0: Ball 3-0: Called Strike 3-1: Base on Balls Ender Inciarte to second
|
Pitching: RHP Dellin Betances
|
|
Batting: LHB Bryce Harper
|
0-0: Swinging Strike 0-1: Ball 1-1: Ball 2-1: Called Strike 2-2: Ball 3-2: Base on Balls Ender Inciarte to third Cesar Hernandez to second
|
Batting: SHB Jeimer Candelario
|
0-0: Foul Ball, location: 2F 0-1: Foul Ball, location: 2F 0-2: Ball 1-2: Ball 2-2: Ground out 1-3 (Groundball, P)
|
Top of the 9th over - 0 runs, 0 hits, 0 errors, 3 left on base; Texas 1 - Toronto 2 |
|